 Dungeon Crawl Stone Soup version 0.30-a0-1053-gbd8d5ba0ad (webtiles) character file.

Game seed: 8626291850473709786

285 bearlyready the Chopper (level 6, -7/53 HPs)
             Began as an Armataur Berserker on Apr 8, 2023.
             Was a Believer of Trog.
             Splashed by a jelly's acid (8 damage)
             ... on level 3 of the Dungeon on Apr 11, 2023.
             The game lasted 00:02:25 (1916 turns).

bearlyready the Chopper (Armataur Berserker)        Turns: 1916, Time: 00:02:26

Health: -7/53      AC: -9    Str: 24    XL:     6   Next: 7%
Magic:  6/6        EV:  9    Int:  8    God:    Trog [**....]
Gold:   100        SH:  0    Dex:  9    Spells: 5/5 levels left

rFire   . . .      SeeInvis .    a - +0 hand axe
rCold   . . .      Faith    .    (no shield)
rNeg    . . .      Spirit   .    c - +0 ring mail
rPois   .          Reflect  .    (no helmet)
rElec   .          Roll     +    (no cloak)
rCorr   .                        (no gloves)
Will    .....                    (no barding) Stlth
                                 (no amulet)
HPRegen 0.28/turn                (no ring)
MPRegen 0.10/turn                (no ring)

@: corroded
A: large, rugged brown scales 3, deformed body, armoured tail, roll, long
tongue, awkward tongue
a: Renounce Religion, Berserk, Trog's Hand


You were on level 3 of the Dungeon.
You worshipped Trog.
Trog was pleased with you.
You visited 1 branch of the dungeon, and saw 3 of its levels.

You collected 100 gold pieces.

Inventory:

Hand Weapons
 a - a +0 hand axe (weapon)
Missiles
 g - 5 poisoned darts (quivered)
 m - a throwing net
Armour
 b - a +0 animal skin
 c - a +0 ring mail (worn)
Wands
 j - a wand of iceblast (11)
Scrolls
 k - 4 scrolls of teleportation {unknown}
 l - a scroll of vulnerability {unknown}
 r - a scroll of blinking {unknown}
 s - 2 scrolls of poison {unknown}
 t - a scroll of noise {unknown}
Potions
 d - a potion of flight {unknown}
 e - a potion of brilliance {unknown}
 f - a potion of magic {unknown}
 h - a potion of ambrosia {unknown}
 i - a potion of berserk rage {unknown}
 n - a potion of curing {unknown}
 o - a potion of attraction {unknown}
 p - a potion of heal wounds
 q - a potion of resistance {unknown}


   Skills:
 - Level 2.6 Fighting
 + Level 5.7 Axes
 - Level 2.4 Armour
 - Level 1.3 Dodging


You had 5 spell levels left.
You didn't know any spells.
Your spell library was empty.

Dungeon Overview and Level Annotations

Branches:
Dungeon (3/15)

Altars:
Xom


Innate Abilities, Weirdness & Mutations

You are completely covered in rugged brown scales. (AC +3, +7% HP)
Armour fits poorly on your strangely shaped body.
You have a long armoured tail.
You roll when moving toward enemies. (Rampage)
Your long tongue fully drains potion bottles. (2x potion effects)
Your tongue gives you trouble enunciating. (1.5x scroll delay)


Message History

The quokka is almost dead.
The quokka completely misses you.
You slash the quokka!
You kill the quokka!
Trog accepts your kill.
No target in view!
t - a scroll labelled QIZAMMYFE
Found an escape hatch in the floor.
There is an escape hatch in the floor here.
A jelly comes into view.
The jelly quivers.
The jelly hits you.
You are splashed with acid!
You slash the jelly!
Your hands burn!
The jelly is heavily wounded.
The jelly hits you but does no damage.
You hit the jelly. The acid corrodes you!
Your hands burn!
The jelly is severely wounded.
The jelly hits you but does no damage.
You hit the jelly.
Your hands burn!
The jelly is almost dead.
The jelly hits you. The acid corrodes you!
You are splashed with acid!
You are too injured to fight recklessly!
You are too injured to fight recklessly!
You are too injured to fight recklessly!
You hit the jelly but do no damage.
Your hands burn!
The jelly is almost dead.
The jelly hits you. The acid corrodes you!
You are splashed with acid!
* * * LOW HITPOINT WARNING * * *
You completely miss the jelly.
The jelly is almost dead.
The jelly hits you.
* * * LOW HITPOINT WARNING * * *
The acid corrodes you!
You are splashed with acid!
* * * LOW HITPOINT WARNING * * *
You barely miss the jelly.
The jelly is almost dead.
The jelly hits you.
* * * LOW HITPOINT WARNING * * *
You are splashed with acid!
You die...

.#.###.......##.# #.#
.#.#####'''####.# #.#
.#.###.....####.# #.#
.........######.###.#
....##.#..†...<..##.#
..#.##.########..##.#
....##.# #.##.#
.#####.# #....# .#
#.# #@#### .# #.# #J#
.# #.. #.# #.# #.#
#.# ..# #.#


You could see a jelly.

Vanquished Creatures
  Sigmund (D:2)
  An orc priest (D:3)
  Terence (D:2)
  3 adders (D:2)
  A worm (D:2)
  2 orcs (D:3)
  6 endoplasms
  A giant cockroach (D:1)
  8 goblins
  5 hobgoblins
  2 quokkas
  7 ball pythons
  2 bats
  2 frilled lizards
  3 kobolds (D:2)
  5 rats
50 creatures vanquished.

Notes
Turn   | Place    | Note
-------+----------+-------------------------------------------
     0 | D:1      | bearlyready the Armataur Berserker began the quest for the
                  | Orb.
     0 | D:1      | Reached XP level 1. HP: 19/19 MP: 1/1
     2 | D:1      | Upgraded the game from 0.30-a0-1018-g25214051b3 to
                  | 0.30-a0-1035-g38d5fb2972
     2 | D:1      | Upgraded the game from 0.30-a0-1035-g38d5fb2972 to
                  | 0.30-a0-1053-gbd8d5ba0ad
    73 | D:1      | Reached skill level 3 in Axes
    73 | D:1      | Reached XP level 2. HP: 21/26 MP: 2/2
   238 | D:1      | Found a faded altar of an unknown god.
   431 | D:1      | Reached ** piety under Trog
   637 | D:2      | Noticed Sigmund
   666 | D:2      | Killed Sigmund
   667 | D:2      | Reached skill level 5 in Axes
   667 | D:2      | Reached XP level 3. HP: 3/32 MP: 3/3
   667 | D:2      | Reached XP level 4. HP: 4/39 MP: 4/4
   667 | D:2      | Reached XP level 5. HP: 4/44 MP: 5/5
  1005 | D:2      | Noticed Terence
  1011 | D:2      | Killed Terence
  1661 | D:3      | Found a shimmering altar of Xom.
  1708 | D:3      | Reached XP level 6. HP: 26/53 MP: 6/6
  1916 | D:3      | HP: 1/53 [jelly (2)]
  1916 | D:3      | Splashed by a jelly's acid

Illustrated notes

Levels and vault maps discovered:
D:1:      minmay_arrival_split_and_join, layout_basic,
          shapermc_ecumenical_altar_starsandcircs
D:2:      layout_rooms, minmay_misc_feat_more_columns, uniq_sigmund,
          uniq_terence
D:3:      layout_loops_ring, mainiacjoe_overflow_alcove_4, serial_park_tiny_2

Skill      XL: |  1  2 |
---------------+-------+-----
Axes           | 3 5 |  5.7
Fighting       | |  2.6
Armour         | |  2.4
Dodging        | |  1.3

Action                     |  1- 3 |  4- 6 || total
---------------------------+-------+-------++-------
  Melee: Hand axe          |    52 |   103 ||   155
         Tailslap          |     4 |     9 ||    13
         Punch             |       |     1 ||     1
 Invoke: Berserk           |     1 |       ||     1
    Use: Potion            |     2 |       ||     2
 Armour: Animal skin       |    12 |       ||    12
         Ring mail         |    10 |    42 ||    52
  Dodge: Dodged            |    16 |    44 ||    60

Table legend: (Time is in decaauts)
 A = Elapsed time spent in this place.
 B = Non-inter-level travel time spent in this place.
 C = Inter-level travel time spent in this place.
 D = Time resting spent in this place.
 E = Time spent auto-exploring this place.
 F = Levels seen in this place.
 G = Mean time per level.
                   A        B        C        D        E       F      G
               +--------+--------+--------+--------+--------+-----+--------+
         Total |   1932 |   1864 |     68 |     12 |   1492 |   3 |  644.0 |
       Dungeon |   1932 |   1864 |     68 |     12 |   1492 |   3 |  644.0 |
               +--------+--------+--------+--------+--------+-----+--------+

Top non-repeatable levels by time:
     D:2: 1016 daAuts
     D:1: 642 daAuts
     D:3: 273 daAuts
